 Dungeon Crawl Stone Soup version 0.31.0-9-g3a7656b989 (webtiles) character file.

Game seed: 8798612958412829714

11 RancidPinata the Sneak (level 2, 0/19 HPs)
             Began as a Gargoyle Delver on Jan 24, 2024.
             Slain by a black bear (1 damage)
             ... on level 6 of the Dungeon.
             The game lasted 00:03:15 (289 turns).

RancidPinata the Sneak (Gargoyle Delver)             Turns: 289, Time: 00:03:16

Health: 0/19       AC: 11    Str: 15    XL:     2   Next: 25%
Magic:  2/2        EV:  9    Int: 10    God:
Gold:   40         SH:  0    Dex: 11    Spells: 1/1 levels left

rFire   + . .        a - +0 mace
rCold   . . .        (no shield)
rNeg    + . .        h - +2 scale mail {rF+}
rPois   ∞            (no helmet)
rElec   +            (no cloak)
rCorr   .            (no gloves)
SInv    .            (no boots)
Will    .....        (no amulet)
Stlth   +            (no ring)
HPRegen 0.23/turn    (no ring)
MPRegen 0.08/turn

%: no passive effects
@: no status effects
A: sickness immunity, AC +2, negative energy resistance 1, electricity
resistance, torment resistance 1, petrification resistance
a: no special abilities


You were on level 6 of the Dungeon.
You visited 1 branch of the dungeon, and saw 3 of its levels.

You collected 40 gold pieces.

Inventory:

Hand Weapons
 a - a +0 mace (weapon)
Armour
 b - a +0 leather armour
 h - a +2 scale mail of fire resistance (worn)
Wands
 g - a wand of digging (3)
Scrolls
 c - a scroll of fog
 d - a scroll of revelation
 e - a scroll of fear
 i - a scroll of enchant armour {unknown}
 j - a scroll of identify {unknown}
Potions
 f - a potion of haste
 k - a potion of berserk rage {unknown}
 l - a potion of invisibility {unknown}


   Skills:
 * Level 3.5 Fighting
 + Level 2.1 Maces & Flails
 * Level 0.8 Armour
 + Level 1.7 Dodging
 + Level 5.5 Stealth


You had one spell level left.
You didn't know any spells.
Your spell library was empty.

Dungeon Overview and Level Annotations

Branches:
Dungeon (6/15)
 Temple: D:4-7

Altars:


Innate Abilities, Weirdness & Mutations

You are immune to sickness and miasma.
Your stone body is resilient. (AC +2)
You are immune to poison.
You resist negative energy. (rN+)
You are resistant to electric shocks. (rElec)
You are resistant to unholy torment.
You are immune to petrification.


Message History

The bush is moderately damaged.
You hit the bush but do no damage.
The bush is moderately damaged.
The black bear bites you but does no damage.
The black bear barely misses you.
The black bear claws you but does no damage.
You hit the bush but do no damage.
The bush is moderately damaged.
The black bear closely misses you. The black bear barely misses you. x2
You hit the bush but do no damage.
The bush is moderately damaged.
The black bear bites you but does no damage.
The black bear claws you but does no damage. x2
You hit the bush but do no damage.
The bush is moderately damaged.
The black bear bites you but does no damage.
The black bear claws you. The black bear barely misses you.
You hit the bush.
The bush is moderately damaged.
The black bear bites you. The black bear misses you.
The black bear claws you but does no damage.
The black bear bites you but does no damage.
The black bear claws you.
The black bear claws you but does no damage.
You closely miss the black bear.
The black bear bites you but does no damage.
The black bear claws you. The black bear barely misses you.
You hit the black bear.
The black bear is lightly wounded.
The black bear barely misses you. The black bear claws you.
The black bear claws you but does no damage.
You hit the black bear but do no damage.
The black bear is lightly wounded.
The black bear bites you.
* * * LOW HITPOINT WARNING * * *
The black bear claws you.
* * * LOW HITPOINT WARNING * * *
The black bear claws you but does no damage.
The black bear bites you.
You die...

# ####.#..#. .
.....#.... ..
........# P.
♣♣....... ♣♣.
♣......## ♣♣...
♣....#..##
P.....♣...##...# .
...⌠..P@..†....#....
♣.....P♣h..<......#
♣♣...♣♣...........#
♣♣P ♣............#
♣..........#..#
............##.#
............## ...
............. ..
.............


You could see a black bear.

Vanquished Creatures
  An adder (D:6)
  An endoplasm (D:4)
  A kobold (D:4)
3 creatures vanquished.

Notes
Turn   | Place    | Note
-------+----------+-------------------------------------------
     0 | D:5      | RancidPinata the Gargoyle Delver began the quest for the
                  | Orb.
     0 | D:5      | Reached XP level 1. HP: 14/14 MP: 1/1
    14 | D:5      | Noticed an orc priest
   244 | D:6      | Reached XP level 2. HP: 19/19 MP: 2/2
   276 | D:6      | Noticed a black bear
   289 | D:6      | Slain by a black bear

Illustrated notes

Levels and vault maps discovered:
D:4:      layout_rooms, led_sif_book, minmay_temple_entry_statues,
          nicolae_titane
D:5:      layout_layer_cave, serial_shops, shop, serial_bayou_lagoon_b
D:6:      layout_cave_pools, nemelex_diamond_rough_becter, serial_park,
          serial_park_paths [serial_park_minivault_5x5_4],
          serial_park_tiny_pond, serial_park_tiny_2, serial_park_square1
          [serial_park_minivault_5x5_1], serial_park_square3
          [serial_park_minivault_5x5_4], grunt_decor_resistance,
          kb_lookout_dungeons_type, minivault_23, minivault_5, minivault_10

Action                     || total
---------------------------++-------
  Melee: Mace              ||    58
         Punch             ||     1
 Armour: Scale mail        ||    27
         Skin              ||     5
         Leather armour    ||     1
  Dodge: Dodged            ||    21
